 Dungeon Crawl Stone Soup version 0.30-a0-571-gdf30a72648 (webtiles) character file.

Game seed: 1807733100625559471

5918 IdlyInterested the Basher (level 10, -2/73 (77) HPs)
             Began as a Demonspawn Fighter on Dec 29, 2022.
             Slain by a gnoll sergeant
             ... wielding a +0 trident
              (8 damage)
             ... on level 8 of the Dungeon.
             The game lasted 00:28:10 (9180 turns).

IdlyInterested the Basher (Demonspawn Fighter)      Turns: 9180, Time: 00:28:10

HP:   -2/73 (77)    AC: 17    Str: 18    XL:     10   Next: 53%
MP:   10/10         EV:  6    Int:  9    God:
Gold: 519           SH:  0    Dex: 16    Spells: 9/9 levels left

rFire   + . .      SeeInvis .    C - +0 great mace (drain)
rCold   . . .      Faith    .    (shield currently unavailable)
rNeg    . . .      Spirit   .    f - +1 plate armour "Keasoc" {rPois rF+}
rPois   +          Reflect  .    (helmet unavailable)
rElec   .          Harm     .    (no cloak)
rCorr   .          Rampage  .    w - +0 pair of gloves
Will    .....                    (no boots) Stlth
                                 z - amulet of magic regeneration
HPRegen 0.32/turn                (no ring)
MPRegen 0.52/turn                (no ring)

@: drained, invisible
A: horns 3, icy blue scales 2, foul stench 1, MP-powered wands
a: no special abilities


You were on level 8 of the Dungeon.
You visited 2 branches of the dungeon, and saw 9 of its levels.
You also visited: Sewer and Bailey.

You collected 519 gold pieces.

Inventory:

Hand Weapons
 c - a +0 dire flail
 e - a +2 flail of protection
 A - a +2 whip of pain
 C - a +0 great mace of draining (weapon)
 H - a +1 flail of venom
 I - a +1 morningstar
Missiles
 i - 77 stones (quivered)
 r - a curare-tipped dart
 s - 3 silver boomerangs
 t - 28 poisoned darts
Armour
 a - a +2 hat
 f - the +1 plate armour "Keasoc" (worn) {rPois rF+}
   (You found it in a bailey)

   rF:        It protects you from fire.
   rPois:     It protects you from poison.
 k - an orb of light
 l - a +0 troll leather armour {Pargi}
 p - a +0 buckler
 w - a +0 pair of gloves (worn)
 B - a +2 ring mail of positive energy
Magical Staves
 D - a staff of fire
 E - a staff of cold
Jewellery
 z - an amulet of magic regeneration (around neck)
 F - a ring of positive energy
Wands
 b - a wand of paralysis (22)
 v - a wand of polymorph (3)
Scrolls
 n - 2 scrolls of teleportation
 u - 2 scrolls of enchant armour
 x - a scroll of identify
 y - a scroll of poison
 G - a scroll of enchant weapon
Potions
 d - 3 potions of might
 g - 2 potions of curing
 h - 3 potions of magic
 j - 3 potions of flight
 m - a potion of mutation
 o - 2 potions of invisibility
 q - a potion of brilliance


   Skills:
 + Level 6.4 Fighting
 * Level 12.5 Maces & Flails
 - Level 2.0 Throwing
 * Level 4.1 Armour
 - Level 3.0 Dodging
 - Level 3.0 Shields
 - Level 2.0 Evocations


You had 9 spell levels left.
You didn't know any spells.
Your spell library contained the following spells:

 Spells                   Type           Power      Damage    Failure   Level
 Freeze                   Ice            0%         1d3       100%        1
 Sting                    Tmut/Pois      0%         1d3       100%        1
 Blink                    Tloc           0%         N/A       100%        2
 Ensorcelled Hibernation  Hex/Ice        0%         N/A       100%        2
 Momentum Strike          Conj/Tloc      0%         3d8       100%        2
 Poisonous Vapours        Pois/Air       0%         N/A       100%        2
 Sublimation of Blood     Necr           0%         N/A       100%        2
 Wereblood                Tmut           0%         N/A       100%        2
 Frozen Ramparts          Ice            0%         1d1       100%        3
 Hailstorm                Conj/Ice       0%         3d3       100%        3
 Lesser Beckoning         Tloc           0%         N/A       100%        3
 Spider Form              Tmut/Pois      0%         N/A       100%        3
 Anguish                  Hex/Necr       0%         N/A       100%        4
 Olgreb's Toxic Radiance  Pois           0%         N/A       100%        4
 Summon Forest            Summ/Tloc      0%         N/A       100%        5
 Summon Mana Viper        Hex/Summ       0%         N/A       100%        5
 Summon Cactus Giant      Summ           0%         N/A       100%        6
 Summon Hydra             Summ           0%         N/A       100%        7


Dungeon Overview and Level Annotations

Branches:
Dungeon (8/15)             Temple (1/1) D:5           Sewer (visited)
 Bailey (visited)
   Lair: D:8-11

Altars:
Dithmenos
Fedhas
Gozag
Makhleb
Qazlal
Uskayaw
Vehumet


Innate Abilities, Weirdness & Mutations

You have a pair of large horns on your head.
You are mostly covered in icy blue scales. (AC +3)
You may rarely emit foul miasma when damaged in melee.
You expend magic power (3 MP) to strengthen your wands.


Message History

2 gnolls and an orc warrior come into view.
The gnoll shouts!
The orc warrior shouts!
A gnoll comes into view. It is wielding a +0 club.
There is an open door here.
You closely miss the orc. The orc barely misses you.
You hit the orc but do no damage.
The gnoll sergeant hits you but does no damage.
The orc barely misses you.
You barely miss the orc. Your headbutt misses the orc.
The gnoll barely misses you.
The orc priest mumbles some strange prayers to Beogh against you.
Beogh smites you! The orc hits you but does no damage.
The gnoll sergeant hits you but does no damage.
You bludgeon the orc!!
You kill the orc!
The gnoll barely misses you.
An orc comes into view. It is wielding a +0 whip.
The orc priest hits you but does no damage.
The gnoll sergeant hits you from afar with a +0 trident!
The gnoll hits you but does no damage. The orc priest closely misses you.
The gnoll hits you but does no damage.
The gnoll sergeant hits you with a +0 trident!
Things that are here:
a +0 flail; an orc corpse You closely miss the orc priest.
The gnoll hits you from afar with a +0 halberd!
The gnoll hits you from afar with a +0 halberd.
* * * LOW HITPOINT WARNING * * *
The gnoll barely misses you.
The orc priest calls down the wrath of Beogh upon you.
Beogh smites you!
* * * LOW HITPOINT WARNING * * *
The gnoll sergeant closely misses you.
There is an open door here.
The gnoll sergeant hits you from afar with a +0 trident.
* * * LOW HITPOINT WARNING * * *
You fade into invisibility!
Okay, then.
The gnoll sergeant hits you with a +0 trident!
You die...

#....... #......... #.....g#
#....#...# ##....#.#
#....#...# ........####
#....#...# .......)oo.#
###....#####
,........##g########.'....# #
........#..g........#....# #
........#...g......##....# #
........#....@....###....#####
........#.........# #....##...
........#.........# #....##...
........#.........# #....##...
##### #.........# #....##...
....# ####>....## #... ....#
#####.# #... ....# #.# #...
##### #############+# #...


You could see an orc warrior (unable to see you), a gnoll sergeant (unable to
see you), an orc priest (unable to see you) and 2 gnolls.

Vanquished Creatures
  Gastronok (D:8)
  The ghost of GiantSquids the Changer, a novice OpTm of Ru (D:6)
  A gargoyle (Bailey)
  Prince Ribbit (D:5)
  A vampire (Bailey)
  Sigmund (D:5)
  A steam dragon (D:8)
  2 water moccasins (D:7)
  Pargi (Sewer)
  An ice beast (D:6)
  4 orc warriors
  3 sky beasts (D:7)
  4 ogres
  2 kobold brigands (D:7)
  3 bullfrogs
  4 scorpions
  5 wights (D:8)
  6 vampire bats (Bailey)
  A howler monkey (D:6)
  2 wolf zombies (Bailey)
  A crimson imp (D:6)
  2 hounds
  A jelly (D:8)
  5 orc priests
  A wyvern simulacrum (D:6)
  A gnoll bouda (D:7)
  Jessica (D:3)
  Terence (D:3)
  An iguana (D:5)
  9 orc wizards
  A spectral killer bee (D:6)
  A centaur simulacrum (D:6)
  6 gnolls
  A howler monkey skeleton (D:6)
  12 adders
  A river rat (D:4)
  2 white imps
  2 worms
  A dart slug (D:3)
  24 orcs
  4 ball pythons (D:2)
  2 bats (D:1)
  5 endoplasms
  3 giant cockroaches
  14 goblins
  8 hobgoblins
  5 jackals
  7 quokkas
  7 frilled lizards
  23 kobolds
  18 orc zombies (Bailey)
  3 rats
218 creatures vanquished.

Vanquished Creatures (others)
  A fungus (D:1)
  20 plants (D:5)
21 creatures vanquished.

Grand Total: 239 creatures vanquished

Notes
Turn   | Place    | Note
-------+----------+-------------------------------------------
     0 | D:1      | IdlyInterested the Demonspawn Fighter began the quest for
                  | the Orb.
     0 | D:1      | Reached XP level 1. HP: 18/18 MP: 1/1
   469 | D:1      | Reached skill level 2 in Maces & Flails
   469 | D:1      | Gained mutation: You have a pair of small horns on your
                  | head. [demonic ancestry]
   469 | D:1      | Reached XP level 2. HP: 23/24 MP: 2/2
   660 | D:1      | Found a faded altar of an unknown god.
  1336 | D:2      | Gained mutation: You are partially covered in icy blue
                  | scales. (AC +2) [demonic ancestry]
  1336 | D:2      | Reached XP level 3. HP: 27/29 MP: 3/3
  1587 | D:2      | Reached skill level 3 in Maces & Flails
  2096 | D:3      | Reached skill level 1 in Dodging
  2096 | D:3      | Gained mutation: You may rarely emit foul miasma when
                  | damaged in melee. [demonic ancestry]
  2096 | D:3      | Reached XP level 4. HP: 24/35 MP: 4/4
  2258 | D:3      | Reached XP level 5. HP: 36/41 MP: 5/5
  2419 | D:3      | Noticed Jessica
  2426 | D:3      | Killed Jessica
  2427 | D:3      | Reached skill level 4 in Maces & Flails
  2860 | D:3      | Noticed Terence
  2873 | D:3      | Killed Terence
  3003 | D:4      | Reached XP level 6. HP: 48/48 MP: 6/6
  3082 | D:4      | Reached skill level 5 in Maces & Flails
  3198 | D:4      | Found a glowing drain.
  3211 | Sewer    | Entered a sewer
  3236 | Sewer    | Noticed Pargi
  3244 | Sewer    | Killed Pargi
  3326 | Sewer    | Gained mutation: You are mostly covered in icy blue scales.
                  | (AC +3) [demonic ancestry]
  3326 | Sewer    | Reached XP level 7. HP: 53/53 MP: 7/7
  3552 | D:3      | Reached skill level 6 in Maces & Flails
  3582 | D:4      | Gained mutation: You have large cloven feet. [potion of
                  | mutation]
  3582 | D:4      | Gained mutation: Your spells are a little harder to cast,
                  | but a little more powerful. [potion of mutation]
  4408 | D:5      | Entered Level 5 of the Dungeon
  4512 | D:5      | Noticed Sigmund
  4527 | D:5      | Killed Sigmund
  4528 | D:5      | Reached skill level 7 in Maces & Flails
  4645 | D:5      | Noticed Prince Ribbit
  4677 | D:5      | Killed Prince Ribbit
  4678 | D:5      | Reached XP level 8. HP: 26/61 MP: 8/8
  4818 | D:5      | Reached skill level 8 in Maces & Flails
  5322 | D:5      | Found a staircase to the Ecumenical Temple.
  5328 | Temple   | Entered the Ecumenical Temple
  5864 | D:6      | Reached skill level 1 in Evocations
  6004 | D:6      | Reached skill level 9 in Maces & Flails
  6057 | D:6      | Found a runed translucent gate.
  6057 | D:6      | Found a runed translucent gate.
  6057 | D:6      | Found a runed translucent gate.
  6057 | D:6      | Noticed GiantSquids's ghost (novice OpTm)
  6399 | D:6      | Found a burning altar of Makhleb.
  6400 | D:6      | Found a radiant altar of Vehumet.
  6554 | D:6      | Killed GiantSquids's ghost
  6555 | D:6      | Reached skill level 5 in Fighting
  6555 | D:6      | Gained mutation: You have a pair of horns on your head.
                  | [demonic ancestry]
  6555 | D:6      | Reached XP level 9. HP: 46/68 MP: 9/9
  6865 | D:7      | Reached skill level 10 in Maces & Flails
  6897 | D:7      | Found a flagged portal.
  6939 | D:7      | Reached skill level 1 in Throwing
  6961 | Bailey   | Entered a bailey
  7159 | Bailey   | Noticed a gargoyle
  7172 | Bailey   | Killed a gargoyle
  7191 | Bailey   | Identified the +1 plate armour "Keasoc" {rPois rF+}
  7380 | Bailey   | Reached skill level 11 in Maces & Flails
  7758 | D:7      | Lost mutation: Your spells are a little harder to cast, but
                  | a little more powerful. [potion of mutation]
  7758 | D:7      | Lost mutation: You have large cloven feet. [potion of
                  | mutation]
  7758 | D:7      | Gained mutation: You passively map a small area around you.
                  | [potion of mutation]
  7758 | D:7      | Gained mutation: Your mind is acute. (Int +4, Str/Dex -1)
                  | [potion of mutation]
  7758 | D:7      | Gained mutation: You have hidden genetic defects. [potion
                  | of mutation]
  8035 | D:7      | Reached XP level 10. HP: 76/76 MP: 10/10
  8053 | D:7      | Gained mutation: You occasionally shout uncontrollably at
                  | your foes. [hidden defects]
  8109 | D:7      | Found a transporter.
  8115 | D:7      | Found a transporter.
  8618 | D:8      | Noticed Gastronok
  8646 | D:8      | Killed Gastronok
  8647 | D:8      | Reached skill level 12 in Maces & Flails
  8654 | D:8      | Lost mutation: Your mind is acute. (Int +4, Str/Dex -1)
                  | [hidden defects]
  8654 | D:8      | Lost mutation: You have hidden genetic defects. [hidden
                  | defects expressed]
  8656 | D:8      | Lost mutation: You passively map a small area around you.
                  | [potion of mutation]
  8656 | D:8      | Lost mutation: You occasionally shout uncontrollably at
                  | your foes. [potion of mutation]
  8656 | D:8      | Gained mutation: You do not regenerate when monsters are
                  | visible. [potion of mutation]
  8656 | D:8      | Gained mutation: You occasionally lose the ability to drink
                  | potions when taking damage. [potion of mutation]
  8656 | D:8      | Gained mutation: Armour fits poorly on your strangely
                  | shaped body. [potion of mutation]
  8657 | D:8      | Lost mutation: Armour fits poorly on your strangely shaped
                  | body. [potion of mutation]
  8657 | D:8      | Lost mutation: You do not regenerate when monsters are
                  | visible. [potion of mutation]
  8657 | D:8      | Gained mutation: You possess an exceptional clarity of
                  | mind. [potion of mutation]
  8657 | D:8      | Gained mutation: You have a pair of large horns on your
                  | head. [potion of mutation]
  8658 | D:8      | Lost mutation: You have a pair of large horns on your head.
                  | [potion of mutation]
  8658 | D:8      | Lost mutation: You possess an exceptional clarity of mind.
                  | [potion of mutation]
  8658 | D:8      | Lost mutation: You occasionally lose the ability to drink
                  | potions when taking damage. [potion of mutation]
  8658 | D:8      | Gained mutation: You are somewhat resistant to further
                  | mutation. [potion of mutation]
  8658 | D:8      | Gained mutation: You have a pair of large horns on your
                  | head. [potion of mutation]
  8658 | D:8      | Lost mutation: You are somewhat resistant to further
                  | mutation. [potion of mutation]
  8658 | D:8      | Gained mutation: You expend magic power (3 MP) to
                  | strengthen your wands. [potion of mutation]
  9180 | D:8      | Slain by a gnoll sergeant

Illustrated notes

Levels and vault maps discovered:
D:1:      saegor_arrival_fortress, layout_basic,
          shapermc_ecumenical_altar_acropolis
D:2:      layout_loops_ring
D:3:      layout_basic, uniq_jessica, uniq_terence
D:4:      layout_basic, gup_sewer_entry_bubbles, serial_bayou_pond_a
D:5:      layout_loops_ring, minmay_temple_entry_fiery, serial_bayou,
          serial_bayou_pond_d, serial_bayou_pond_d, serial_bayou_pond_c,
          serial_bayou_pond_d, serial_bayou_lagoon_b, serial_bayou_pond_c,
          uniq_prince_ribbit1, uniq_sigmund
D:6:      layout_cave_pods, grunt_temple_overflow_lords_of_destruction,
          gammafunk_ghost_necromancy, chequers_serial_rivers_micro_e
D:7:      gammafunk_beogh_shrine, layout_loops_ring, enter_bailey_5
D:8:      layout_basic, uniq_gastronok
Temple:   nicolae_temple_stand_before_the_council

Skill      XL: |  1  2  3  4  5  6  7  8  9 10 |
---------------+-------------------------------+-----
Maces & Flails | 2 3 4 5 7 9 11 12 | 12.5
Armour         | 3 4 |  4.1
Dodging        | 1 2 3 |  3.0
Fighting       | 4 5 6 |  6.4
Evocations     | 2 |  2.0
Throwing       | 2 |  2.0
Shields        | 3 |  3.0

Action                   |  1- 3 |  4- 6 |  7- 9 | 10-12 || total
-------------------------+-------+-------+-------+-------++-------
Melee: Flail             |   122 |   157 |   294 |    58 ||   631
       Headbutt          |    10 |    21 |    55 |    23 ||   109
       Kick              |       |       |    97 |       ||    97
       Great mace        |       |       |    39 |    15 ||    54
       Dire flail        |       |       |       |    15 ||    15
Throw: Stone             |       |     2 |       |       ||     2
  Use: Scroll            |       |     7 |     6 |     1 ||    14
       Potion            |       |     4 |     8 |     5 ||    17
Armor: Scale mail        |    60 |    66 |       |       ||   126
       Troll leather arm |       |     5 |     8 |       ||    13
       Chain mail        |       |       |   121 |       ||   121
       Plate armour      |       |       |    79 |    37 ||   116
Dodge: Dodged            |    68 |    68 |   126 |    17 ||   279
Block: Buckler           |    27 |    36 |    83 |     1 ||   147

Table legend: (Time is in decaauts)
 A = Elapsed time spent in this place.
 B = Non-inter-level travel time spent in this place.
 C = Inter-level travel time spent in this place.
 D = Time resting spent in this place.
 E = Time spent auto-exploring this place.
 F = Levels seen in this place.
 G = Mean time per level.
                   A        B        C        D        E       F      G
               +--------+--------+--------+--------+--------+-----+--------+
         Total |   9375 |   8352 |   1023 |    695 |   5094 |  11 |  852.3 |
       Dungeon |   8344 |   7321 |   1023 |    484 |   4734 |   8 | 1043.0 |
        Temple |     23 |     23 |      0 |      0 |     11 |   1 |   23.0 |
         Sewer |    225 |    225 |      0 |      0 |    114 |   1 |  225.0 |
        Bailey |    782 |    782 |      0 |    211 |    235 |   1 |  782.0 |
               +--------+--------+--------+--------+--------+-----+--------+

Top non-repeatable levels by time:
     D:6: 1294 daAuts
     D:1: 1229 daAuts
     D:4: 1216 daAuts
     D:3: 1063 daAuts
     D:5: 1058 daAuts
     D:7: 1029 daAuts
     D:2: 895 daAuts
  Bailey: 782 daAuts
     D:8: 556 daAuts
   Sewer: 225 daAuts
  Temple: 23 daAuts
